 Dungeon Crawl Stone Soup version 0.26.1-11-gd32895ea62 (webtiles) character file.

Game seed: 11937326632684701658

3646 ubername the Frost Mage (level 10, -1/63 HPs)
             Began as a Barachi Ice Elementalist on July 14, 2021.
             Was a Follower of Vehumet.
             Slain by a vampire (9 damage)
             ... on level 9 of the Dungeon.
             The game lasted 00:29:13 (12818 turns).

ubername the Frost Mage (Barachi Ice Elementalist) Turns: 12818, Time: 00:29:13

Health: -1/63      AC:  6    Str: 10    XL:     10   Next: 12%
Magic:  23/23      EV: 12    Int: 24    God:    Vehumet [*.....]
Gold:   292        SH:  0    Dex: 12    Spells: 9/28 levels left

rFire    . . .     SeeInvis .   b - +2 hunting sling (flame)
rCold    . . .     Faith    .   (no shield)
rNeg     . . .     Spirit   .   n - +1 robe
rPois    .         Reflect  .   g - +0 helmet
rElec    .         Harm     .   e - scarf {repulsion}
rCorr    .         Rampage  .   E - +0 pair of gloves "Mybaleag" {Int+3}
Will     .....                  m - +0 pair of boots
Stlth    ++........             (no amulet)
HPRegen  0.20/turn              (no ring)
MPRegen  0.18/turn              (no ring)

@: repel missiles, slow
A: +LOS, swims, clever 1, sense surroundings 1, slowness 1, strong legs 1
a: Hop, Renounce Religion


You were on level 9 of the Dungeon.
You worshipped Vehumet.
Vehumet was aware of your devotion.
You visited 2 branches of the dungeon, and saw 10 of its levels.

You collected 586 gold pieces.
You spent 294 gold pieces at shops.

Inventory:

Hand Weapons
 a - a +3 dagger of venom
 b - a +2 hunting sling of flaming (weapon)
 v - a +2 morningstar of protection
Missiles
 h - 19 poisoned darts
 i - 234 stones
 j - 9 boomerangs
 o - 118 sling bullets (quivered ammo)
Armour
 e - a scarf of repulsion (worn)
 g - a +0 helmet (worn)
 m - a +0 pair of boots (worn)
 n - a +1 robe (worn)
 E - the +0 pair of gloves "Mybaleag" (worn) {Int+3}
   (You bought it in a shop on level 8 of the Dungeon)

   It affects your intelligence (+3).
Wands
 r - a wand of acid (5)
 y - a wand of iceblast (13)
 z - a wand of enslavement (8)
 C - a wand of polymorph (10)
Scrolls
 d - 2 scrolls of fog
 f - 7 scrolls of remove curse
 l - a scroll of enchant weapon
 p - 5 scrolls of magic mapping
 s - a scroll of amnesia
 u - a scroll of identify
 w - 4 scrolls of teleportation
 x - a scroll of vulnerability
 A - a scroll of immolation
 B - 2 scrolls of enchant armour
Potions
 c - 5 potions of curing
 k - a potion of magic
 q - a potion of heal wounds
 t - a potion of flight {unknown}


   Skills:
 + Level 3.4 Short Blades
 + Level 4.0(4.7) Slings
 + Level 3.6(4.5) Throwing
 - Level 2.2 Dodging
 - Level 1.7 Stealth
 * Level 9.5 Spellcasting
 + Level 0.1 Summonings
 * Level 11.0 Ice Magic


You had 9 spell levels left.
You knew the following spells:

 Your Spells              Type           Power        Failure   Level
a - Freeze                Ice            100%         1%          1
b - Frozen Ramparts       Ice            100%         1%          3
c - Ozocubu's Armour      Ice            59%          1%          3
d - Hailstorm             Conj/Ice       38%          5%          4
e - Ice Form              Ice/Tmut       38%          5%          4
f - Summon Ice Beast      Ice/Summ       38%          5%          4

Your spell library contained the following spells:

 Spells                   Type           Power        Failure   Level
 Shock                    Conj/Air       44%          5%          1
 Beastly Appendage        Tmut           22%          5%          1
 Corona                   Hex            12%          5%          1
 Slow                     Hex            11%          9%          2
 Wereblood                Tmut           11%          9%          2
 Ozocubu's Refrigeration  Ice            29%          9%          6
 Metabolic Englaciation   Hex/Ice        19%          16%         5
 Inner Flame              Hex/Fire       11%          17%         3
 Portal Projectile        Hex/Tloc       22%          17%         3
 Spider Form              Tmut/Pois      5%           17%         3
 Cause Fear               Hex            5%           50%         4
 Leda's Liquefaction      Hex/Erth       5%           50%         4
 Simulacrum               Ice/Necr       19%          65%         6
 Blade Hands              Tmut           5%           83%         5
 Freezing Cloud           Conj/Ice/Air   14%          88%         6


Dungeon Overview and Level Annotations

Branches:
Dungeon (9/15)             Temple (1/1) D:7             Orc (0/2) D:9
   Lair: D:8-11

Altars:
Dithmenos
Fedhas
Gozag
Makhleb
Okawaru
Qazlal
Ru
Trog
Vehumet
The Shining One

Shops:
D:8 [


Innate Abilities, Weirdness & Mutations

You can be seen from farther away. (+LOS)
You can swim through water.
You cover ground slowly.
You can hop short distances.
Your mind is acute. (Int +2)
You passively map a small area around you.


Message History

* * * LOW HITPOINT WARNING * * *
Something bites you.
* * * LOW HITPOINT WARNING * * *
Something draws strength from your injuries!
You see here 4 sling bullets.
Okay, then.
You feel much better. Something barely misses you. Something bites you!
Something draws strength from your injuries!
You bump into the stone wall.
Something hits you.
* * * LOW HITPOINT WARNING * * *
Something bites you.
* * * LOW HITPOINT WARNING * * *
Something draws strength from your injuries!
Okay, then.
Something hits you!
* * * LOW HITPOINT WARNING * * *
Something bites you but does no damage.
You feel less confused. Something barely misses you. Something bites you!
You die...

#...(............. .. ,
#...(............. ...
#.................
...(#####(##(######### #..
....((....##(###########..
..........(((.............
.........≈≈≈≈≈≈≈≈≈≈≈≈≈≈≈≈≈
......(..≈≈≈≈≈≈≈≈≈≈≈≈≈≈≈≈≈
.........@≈###############
.........≈≈# ≈ ...........
.#######.≈≈#* ,...........
, ...≈≈#> .......8... ,
....≈≈# ...........
.....≈≈#,≈ ...........
......≈≈# ###########
......≈≈≈ ≈ ≈≈≈ ,
#....#.≈≈≈ ≈≈≈


There were no monsters in sight!

Vanquished Creatures
  A two-headed ogre (D:8)
  Menkaure (D:7)
  A sky beast (D:8)
  2 orc warriors (D:9)
  3 phantoms
  5 ogres
  5 centaurs
  5 bullfrogs
  A scorpion (D:7)
  A jelly (D:8)
  2 wights (D:9)
  A howler monkey (D:5)
  2 electric eels (D:9)
  2 bullfrog zombies
  4 hounds
  7 orc priests
  3 orc wizards
  A bullfrog skeleton (D:7)
  A centaur skeleton (D:5)
  3 iguanas
  3 worker ants
  Ijyb (D:4)
  A killer bee zombie (D:7)
  A hound zombie (D:9)
  A howler monkey zombie (D:5)
  Robin (D:3)
  A gnoll (D:4)
  A howler monkey skeleton (D:5)
  12 adders
  A white imp (D:7)
  2 ufetubi
  2 adder skeletons
  2 worms
  A dart slug (D:2)
  8 leopard geckos
  19 orcs
  7 bats
  10 giant cockroaches
  10 hobgoblins
  5 quokkas
  3 ball pythons
  6 frilled lizards
  9 goblins
  A jackal skeleton (D:5)
  6 kobolds
  A leopard gecko skeleton (D:4)
  2 quokka skeletons
  26 rats
194 creatures vanquished.

Vanquished Creatures (others)
  13 plants (D:6)
13 creatures vanquished.

Grand Total: 207 creatures vanquished

Notes
Turn   | Place    | Note
-------+----------+-------------------------------------------
     0 | D:1      | ubername the Barachi Ice Elementalist began the quest for
                  | the Orb.
     0 | D:1      | Reached XP level 1. HP: 13/13 MP: 3/3
    92 | D:1      | Reached skill level 5 in Ice Magic
   218 | D:1      | Reached XP level 2. HP: 19/19 MP: 3/5
  1179 | D:2      | Reached XP level 3. HP: 24/24 MP: 0/7
  1183 | D:2      | Learned a level 3 spell: Frozen Ramparts
  1187 | D:2      | Learned a level 3 spell: Ozocubu's Armour
  2239 | D:3      | Reached XP level 4. HP: 30/30 MP: 3/9
  2595 | D:3      | Noticed Robin
  2675 | D:3      | Killed Robin
  3142 | D:3      | Reached skill level 6 in Ice Magic
  3463 | D:3      | Reached XP level 5. HP: 30/35 MP: 2/10
  3931 | D:4      | Gained mutation: You passively map a small area around you.
                  | [potion of mutation]
  3931 | D:4      | Gained mutation: Your mind is acute. (Int +2) [potion of
                  | mutation]
  4503 | D:4      | Reached XP level 6. HP: 41/41 MP: 5/12
  4573 | D:4      | Noticed a phantom
  4649 | D:5      | Entered Level 5 of the Dungeon
  4895 | D:5      | Reached skill level 7 in Ice Magic
  4907 | D:5      | Reached skill level 1 in Throwing
  4907 | D:5      | Reached skill level 5 in Spellcasting
  4908 | D:5      | Reached skill level 1 in Short Blades
  4908 | D:5      | Reached XP level 7. HP: 14/46 MP: 5/15
  5213 | D:5      | Got a spiked chain mail
  5224 | D:5      | Identified the cursed +1 chain mail "Nataik" {Rampage rF-
                  | rN+++} (You found it on level 5 of the Dungeon)
  5550 | D:5      | Reached skill level 8 in Ice Magic
  6149 | D:6      | Reached XP level 8. HP: 51/52 MP: 13/17
  6768 | D:6      | Learned a level 4 spell: Hailstorm
  6773 | D:6      | Learned a level 4 spell: Ice Form
  6778 | D:6      | Learned a level 4 spell: Summon Ice Beast
  6833 | D:6      | Found a blossoming altar of Fedhas.
  7416 | D:7      | Found an opulent altar of Gozag.
  8109 | D:7      | Identified the +3 war axe "Acseb" {drain, rElec rF+ rC++
                  | Will-}
  8119 | D:7      | Reached skill level 9 in Ice Magic
  8391 | D:7      | Found a staircase to the Ecumenical Temple.
  8447 | D:7      | Reached skill level 1 in Slings
  8497 | Temple   | Entered the Ecumenical Temple
  8598 | Temple   | Became a worshipper of Vehumet
  9031 | D:4      | Reached XP level 9. HP: 35/57 MP: 12/21
  9569 | D:4      | Noticed Ijyb
  9576 | D:4      | Killed Ijyb
  9978 | D:7      | Noticed Menkaure
  9984 | D:7      | Killed Menkaure
 10249 | D:8      | Noticed a two-headed ogre
 10257 | D:8      | Killed a two-headed ogre
 10258 | D:8      | Reached skill level 10 in Ice Magic
 10516 | D:8      | Found Decynish's Antique Armour Boutique.
 10525 | D:8      | Bought a pair of slimy gloves for 294 gold pieces
 10530 | D:8      | Identified the cursed +0 pair of gloves "Mybaleag" {Int+3}
                  | (You bought it in a shop on level 8 of the Dungeon)
 10538 | D:8      | Identified a scroll of acquirement
 10539 | D:8      | Acquired a book of Ice
 11474 | D:8      | Found a stormy altar of Qazlal.
 12236 | D:9      | Reached XP level 10. HP: 63/63 MP: 23/23
 12497 | D:9      | Reached * piety under Vehumet
 12497 | D:9      | Offered knowledge of Shock by Vehumet.
 12639 | D:9      | Reached skill level 11 in Ice Magic
 12818 | D:9      | Slain by a vampire

Illustrated notes

Levels and vault maps discovered:
D:1:      sevenhm_arrival_forest_fort_small_6, layout_basic
D:2:      layout_rooms, minmay_tall_x
D:3:      layout_basic, minmay_rat_hole, uniq_robin
D:4:      minmay_thinvault, layout_basic, uniq_ijyb
D:5:      layout_loops_cross
D:6:      layout_basic, fedhas_altar_decomposition
D:7:      layout_basic, minmay_temple_entry_enclosed_plants, st_stairs_10,
          minmay_misc_feat_encased, nicolae_gozag_seed_capital, uniq_menkaure
D:8:      layout_basic, lemuel_coloured_pillars_altar, serial_shops, shop
D:9:      layout_irregular_city, erik_orc_2
Temple:   roderic_octagonal_lattice_temple

Skill      XL: |  1  2  3  4  5  6  7  8  9 10 |
---------------+-------------------------------+-----
Ice Magic      | 5 6 7 8 9 10 11 | 11.0
Spellcasting   | 3 4 5 6 8 9 |  9.5
Throwing       | 1 2 3 |  3.6
Short Blades   | 1 2 3 |  3.4
Slings         | 2 3 4 |  4.0
Dodging        | |  2.2
Stealth        | |  1.7
Summonings     | |  0.1

Action                   |  1- 3 |  4- 6 |  7- 9 | 10-12 || total
-------------------------+-------+-------+-------+-------++-------
Melee: Dagger            |     9 |    68 |   102 |       ||   179
       Unarmed           |     1 |       |     5 |       ||     6
 Fire: Hunting sling     |       |       |    98 |    73 ||   171
Throw: Dart              |       |    27 |    12 |       ||    39
       Stone             |       |       |     1 |       ||     1
       Boomerang         |       |       |    45 |       ||    45
 Cast: Freeze            |    54 |    19 |     2 |       ||    75
       Frozen Ramparts   |     3 |    16 |    35 |     4 ||    58
       Ozocubu's Armour  |     1 |     5 |    15 |     2 ||    23
       Summon Ice Beast  |       |       |     3 |       ||     3
 Abil: Hop               |       |     1 |     1 |     1 ||     3
  Use: Scroll            |     3 |     7 |    11 |       ||    21
       Potion            |       |     5 |     5 |     1 ||    11
Armor: Robe              |    13 |    16 |    42 |     4 ||    75
       Skin              |       |       |     1 |       ||     1
Dodge: Dodged            |    30 |    57 |   108 |    12 ||   207
       Repelled          |       |       |     1 |     2 ||     3
